General information
			
			
        
        - name: 2v2 pros /w obs 24-0
 
        - type: Custom game
 
        - host: K-GaMe.SoLaR
 
        - saver: sc2no_wc4yes
 
        
map: TwistedMeadows 
        - players: 12
 
        - length: 05:53
 
        - speed: Fast
 - version: 1.22 W3XP
 - replay type:  Public
 
» download(45 KB)
Players
        team 1 (loser) 
              
              
K-GaMe.SoLaR (
light-blue | 100 APM | 579 actions | 05:48)
              
 1 Death Knight 
 1 Death Coil
 
                » actions 
                
                | Assign group hotkey | 26 |  | 
| Basic commands | 1 |  | 
| Build / train | 13 |  | 
| Enter build submenu | 6 |  | 
| Enter hero's abilities submenu | 1 |  | 
| Right click | 299 |  | 
| Select / deselect | 110 |  | 
| Select group hotkey | 107 |  | 
| Use ability | 16 |  | 
                579 total
 » units 
                
                | Acolyte | 2 |  | 
| Ghoul | 1 |  | 
| Crypt Fiend | 6 |  | 
                9 total
 » buildings
                
                | Crypt | 1 |  | 
| Graveyard | 1 |  | 
| Altar of Darkness | 1 |  | 
| Ziggurat | 2 |  | 
| Tomb of Relics | 1 |  | 
                6 total
 » build order
                00:07 Crypt
00:13 Graveyard
00:49 Altar of Darkness
00:57 Ziggurat
01:31 Tomb of Relics
02:25 Ziggurat
» items
                
                | Rod of Necromancy | 1 |  | 
| Dust of Appearance | 1 |  | 
                2 total
  
               
              
              
» 
yourasianlover (
blue | 76 APM | 445 actions | 05:51)
              
 1 Blademaster 
 1 Wind Walk
 
                » actions 
                
                | Basic commands | 7 |  | 
| Build / train | 21 |  | 
| Enter build submenu | 8 |  | 
| Enter hero's abilities submenu | 1 |  | 
| Right click | 317 |  | 
| Select / deselect | 75 |  | 
| Use ability | 16 |  | 
                445 total
 » units 
                » buildings
                
                | Altar of Storms | 1 |  | 
| Orc Burrow | 1 |  | 
| War Mill | 1 |  | 
| Voodoo Lounge | 1 |  | 
| Watch Tower | 3 |  | 
| Stronghold | 2 |  | 
                9 total
 » build order
                00:13 Altar of Storms
00:23 Orc Burrow
00:41 War Mill
01:48 Voodoo Lounge
02:08 Watch Tower
03:03 Stronghold
03:04 Stronghold
03:10 Watch Tower
04:00 Watch Tower
» items
                
                | Lesser Clarity Potion | 1 |  | 
| Healing Salve | 1 |  | 
                2 total
  
               team 2 (winner) 
              
              
moe29 (
green | 210 APM | 1230 actions | 05:51)
              
 2 Death Knight 
 1 Death Coil
 1 Unholy Aura
 
                » actions 
                
                | Assign group hotkey | 49 |  | 
| Basic commands | 21 |  | 
| Build / train | 25 |  | 
| ESC pressed | 1 |  | 
| Enter build submenu | 8 |  | 
| Enter hero's abilities submenu | 2 |  | 
| Give item / drop item | 1 |  | 
| Right click | 453 |  | 
| Select / deselect | 191 |  | 
| Select group hotkey | 456 |  | 
| Use ability | 23 |  | 
                1230 total
 » units 
                » buildings
                
                | Crypt | 2 |  | 
| Altar of Darkness | 1 |  | 
| Ziggurat | 4 |  | 
| Tomb of Relics | 1 |  | 
                8 total
 » build order
                00:04 Crypt
00:13 Altar of Darkness
00:37 Ziggurat
00:54 Tomb of Relics
01:18 Ziggurat
02:11 Crypt
02:48 Ziggurat
04:11 Ziggurat
» items
                 
               
              
              
sc2no_wc4yes (
red | 63 APM | 374 actions | 05:53)
              
 2 Dreadlord 
 1 Sleep
 1 Vampiric Aura
 
                » actions 
                
                | Assign group hotkey | 34 |  | 
| Basic commands | 21 |  | 
| Build / train | 27 |  | 
| Enter build submenu | 7 |  | 
| Enter hero's abilities submenu | 2 |  | 
| Right click | 137 |  | 
| Select / deselect | 70 |  | 
| Select group hotkey | 62 |  | 
| Use ability | 14 |  | 
                374 total
 » units 
                » buildings
                
                | Crypt | 2 |  | 
| Ziggurat | 3 |  | 
| Altar of Darkness | 1 |  | 
| Nerubian Tower | 1 |  | 
| Graveyard | 1 |  | 
                8 total
 » build order
                00:12 Crypt
00:16 Ziggurat
00:32 Altar of Darkness
00:55 Crypt
01:27 Ziggurat
02:24 Nerubian Tower
04:06 Ziggurat
04:10 Graveyard
 
               observersLumber(Jack), 
gas1ukas, 
FlaminPaintball, 
Tachyon, 
pAnCiT, 
Steaming[Crab], 
1337), 
SDFWESDER Chat log
          (00:06 / Allies) moe29: ghoul rush?
(00:10 / Allies) sc2no_wc4yes: k
(00:15 / Allies) sc2no_wc4yes: tinkers?
(00:19 / Allies) moe29: eh
(00:19 / All) yourasianlover: hf 
(00:23 / Allies) sc2no_wc4yes: what hero u
(00:24 / Allies) moe29: im just dk i think
(00:26 / Allies) sc2no_wc4yes: k 
(00:29 / Allies) sc2no_wc4yes: ill dreadlord even tho he blos
(00:30 / All) yourasianlover: this is for alex <333
(00:31 / All) moe29: glgl
(00:45 / Allies) moe29: sure
(01:51 / Allies) sc2no_wc4yes: i bet they will fiends /hunts us and we get rolled so hard
(01:52 / All) yourasianlover: FOR U ALEX
(01:53 / All) yourasianlover: <333
(02:40 / Allies) moe29: rdy?
(03:23 / Allies) sc2no_wc4yes: go he saw ghouls
(03:23 / Allies) sc2no_wc4yes: go fast
(03:36 / Allies) sc2no_wc4yes: sleep surround
(04:44 / Allies) sc2no_wc4yes: heal  y hero next mana
(04:57 / All) yourasianlover: NEWB PARTNER
(05:18 / Allies) sc2no_wc4yes: get fiends nad tech easap
(05:34 / Allies) sc2no_wc4yes: main 
(05:34 / Allies) sc2no_wc4yes: fast